AoeStats
← lamlam32

Arena

510919022Analyzed
4v4 RM · 5h ago on Oct 3, 2026· 53m 53s· 8 players
Game mode
Random Map
Map size
Large (8 player)
Population
200
Speed
Normal
Resources
Standard
Victory
Conquest
Starting age
Dark Age
Ending age
Imperial Age
RankedLock teamsTeams togetherTeam positionsShared explorationLock speedFull tech treeHidden civsTurbo modeCheats
Victory
Defeat
1608
+12
🇹🇼 Gurjaras · Taiwan
1486
+17
🇭🇰 Bulgarians · Hong Kong SAR China
1388
+21
🇹🇼 Japanese · Taiwan
1279
+24
🇺🇸 Wu · United States
1554
-21
🇺🇸 Jurchens · United States
1505
-19
🇺🇸 Danes · United States
1480
-18
🇦🇺 Magyars · Australia
1437
-16
lamlam32
10:10 Feudal Age
11:11 Double-Bit Axe
11:20 Double-Bit Axe
13:54 Castle Age
11:59 Double-Bit Axe
12:04 Loom
13:08 Horse Collar
15:02 Bow Saw
21:57 Wheelbarrow
21:33 Heavy Plow
22:01 Gold Mining
22:20 Stone Mining
24:51 Hand Cart
28:25 Imperial Age
26:21 Scale Mail Armor
26:10 Town Watch
27:00 Chain Mail Armor
26:55 Forging
26:44 Pikeman
27:25 Squires
27:10 Gambesons
27:11 Arson
28:43 Iron Casting
27:59 Fletching
28:10 Padded Archer Armor
29:37 Conscription
28:43 Halberdier
30:44 Chemistry
30:21 Plate Mail Armor
30:14 Bodkin Arrow
30:35 Leather Archer Armor
31:20 Blast Furnace
30:19 Bodkin Arrow
30:39 Leather Archer Armor
31:31 Crop Rotation
31:17 Thumb Ring
30:33 Elite Skirmisher
30:57 Onager
32:16 Bracer
32:32 Masonry
33:04 Bagains
34:22 Scale Barding Armor
34:03 Siege Onager
36:57 Murder Holes
37:36 Architecture
38:38 Siege Engineers
brady1014
10:24 Feudal Age
14:21 Castle Age
12:11 Double-Bit Axe
12:40 Horse Collar
16:06 Bow Saw
21:31 Wheelbarrow
23:37 Gold Mining
27:14 Gold Shaft Mining
26:50 Stone Mining
27:39 Hand Cart
30:32 Imperial Age
27:48 Loom
28:19 Forging
28:10 Scale Mail Armor
28:20 Heavy Plow
28:16 Pikeman
28:57 Squires
28:43 Arson
29:18 Chain Mail Armor
29:39 Iron Casting
31:50 Plate Mail Armor
32:21 Blast Furnace
32:42 Two-Man Saw
31:15 Capped Ram
31:21 Elite Skirmisher
31:29 Elite Samurai
32:31 Conscription
34:00 Fletching
34:10 Padded Archer Armor
33:35 Halberdier
35:50 Chemistry
38:57 Bodkin Arrow
39:18 Leather Archer Armor
42:37 Bracer
43:07 Ring Archer Armor
令人煩躁的海獺
10:47 Feudal Age
12:32 Double-Bit Axe
14:49 Castle Age
14:07 Fletching
15:04 Crossbowman
16:26 Gold Mining
16:29 Loom
21:21 Bodkin Arrow
23:19 Loom
24:02 Ballistics
27:20 Bow Saw
29:04 Wheelbarrow
28:52 Horse Collar
30:25 Hand Cart
35:57 Imperial Age
33:55 Padded Archer Armor
34:42 Gold Shaft Mining
34:45 Thumb Ring
34:25 Treadmill Crane
34:49 Heavy Plow
36:48 Scale Mail Armor
36:51 Bracer
37:53 Chemistry
36:48 Arbalester
39:11 Leather Archer Armor
39:19 Squires
39:05 Pikeman
40:20 Crop Rotation
40:52 Two-Man Saw
40:53 Conscription
40:42 Halberdier
41:45 Scale Mail Armor
42:30 Chain Mail Armor
43:03 Ring Archer Armor
45:27 Plate Mail Armor
45:07 Forging
44:52 Arson
44:55 Elite Varangian Guard
46:23 Caravan
47:27 Coinage
47:09 Guilds
52:20 Iron Casting
53:17 Scale Barding Armor
53:39 Logistica
54:20 Chain Barding Armor
53:49 Capped Ram
boris8298
9:41 Feudal Age
10:05 Loom
13:32 Castle Age
11:32 Double-Bit Axe
11:30 Horse Collar
30:39 Bow Saw
32:01 Gold Mining
33:21 Heavy Plow
36:09 Wheelbarrow
38:47 Imperial Age
36:44 Bloodlines
36:46 Husbandry
36:47 Stone Mining
38:12 Hand Cart
38:41 Scale Barding Armor
38:47 Forging
39:09 Heavy Camel Rider
39:51 Gold Mining
42:38 Chain Barding Armor
42:53 Iron Casting
43:26 Gold Shaft Mining
43:28 Stone Shaft Mining
43:43 Coinage
43:44 Conscription
44:15 Plate Barding Armor
44:40 Crop Rotation
45:23 Frontier Guards
45:23 Elite Shrivamsha Rider
46:20 Kshatriyas
46:51 Banking
49:46 Hoardings
49:45 Caravan
51:35 Light Cavalry
52:47 Town Watch
53:02 Hussar
Lightning
12:50 Feudal Age
14:05 Double-Bit Axe
14:03 Horse Collar
17:20 Castle Age
15:19 Stone Mining
17:53 Loom
26:00 Bow Saw
26:54 Wheelbarrow
26:32 Scale Barding Armor
29:59 Chain Barding Armor
30:30 Bloodlines
31:16 Heavy Plow
36:32 Imperial Age
34:28 Corvinian Army
34:48 Husbandry
36:07 Gold Mining
36:52 Cavalier
38:12 Plate Barding Armor
38:19 Conscription
38:12 Pikeman
39:52 Paladin
43:03 Halberdier
45:40 Scale Mail Armor
45:59 Fletching
45:49 Elite Magyar Huszar
46:50 Conscription
46:36 Scale Mail Armor
47:15 Arson
48:41 Caravan
49:38 Chain Mail Armor
51:39 Thumb Ring
52:45 Parthian Tactics
51:41 Heavy Cavalry Archer
53:11 Bodkin Arrow
optimal_brain_damage
10:30 Feudal Age
11:33 Double-Bit Axe
14:32 Castle Age
12:23 Horse Collar
15:47 Bow Saw
16:32 Heavy Plow
22:44 Wheelbarrow
22:44 Gold Mining
22:51 Stone Mining
24:26 Hand Cart
25:50 Scale Mail Armor
26:00 Forging
25:50 Loom
28:53 Imperial Age
26:38 Fletching
26:48 Padded Archer Armor
27:37 Gold Shaft Mining
27:37 Stone Shaft Mining
27:01 Crossbowman
27:41 Bodkin Arrow
29:18 Ballistics
28:58 Town Watch
29:31 Leather Archer Armor
29:19 Arbalester
30:01 Bracer
31:05 Chemistry
33:06 Two-Man Saw
35:55 Treadmill Crane
36:10 Murder Holes
36:20 Sitting Tiger
43:13 Town Patrol
45:16 Scale Mail Armor
45:26 Forging
47:11 Chain Mail Armor
47:50 Iron Casting
48:19 Stone Shaft Mining
47:06 Elite Skirmisher
50:05 Plate Mail Armor
50:35 Blast Furnace
Fluffy Chirp
11:53 Feudal Age
15:26 Castle Age
13:50 Double-Bit Axe
13:46 Horse Collar
16:30 Bow Saw
16:21 Heavy Plow
17:10 Wheelbarrow
19:08 Town Watch
21:59 Hand Cart
21:50 Loom
23:05 Gold Mining
23:06 Stone Mining
26:41 Scale Barding Armor
26:47 Forging
27:19 Bloodlines
27:09 Husbandry
29:47 Imperial Age
27:55 Chain Barding Armor
30:15 Iron Casting
30:55 Conscription
29:56 Elite Iron Pagoda
31:47 Plate Barding Armor
32:12 Blast Furnace
33:26 Fletching
35:06 Coinage
38:13 Hoardings
44:35 Two-Man Saw
44:07 Crop Rotation
A Toothbrush
9:45 Feudal Age
11:08 Loom
13:33 Castle Age
12:10 Double-Bit Axe
12:47 Loom
14:41 Bow Saw
14:26 Gold Mining
22:12 Scale Mail Armor
22:15 Squires
24:18 Chain Mail Armor
28:01 Wheelbarrow
27:11 Town Watch
28:37 Forging
29:16 Fletching
33:18 Horse Collar
33:50 Bow Saw
36:46 Imperial Age
35:18 Pikeman
36:35 Iron Casting
36:11 Heavy Plow
37:19 Bodkin Arrow
38:11 Hoardings
39:31 Heavy Scorpion
40:49 Halberdier
42:03 Plate Mail Armor
42:34 Elite Skirmisher
45:25 Blast Furnace
45:34 Arson
Connection lost

Rejoining the realm…

Still unreachable

The connection could not be restored.

Session expired

The server has moved on; the page needs a fresh start.